 Dungeon Crawl Stone Soup version 0.26.0-45-g9c1d065592 (webtiles) character file.

Game seed: 16442130429187754754

108 jlumianski the Skirmisher (level 4, -5/40 HPs)
             Began as a Palentonga Fighter on Jan 29, 2021.
             Slain by an iguana (15 damage)
             ... on level 3 of the Dungeon.
             The game lasted 00:08:08 (2268 turns).

jlumianski the Skirmisher (Palentonga Fighter)      Turns: 2268, Time: 00:08:09

Health: -5/40      AC:  7    Str: 20    XL:     4   Next: 58%
Magic:  0/4        EV:  5    Int:  9    God:
Gold:   111        SH:  9    Dex:  9    Spells: 3/3 levels left

rFire    . . .     SeeInvis +   a - +0 war axe
rCold    + . .     Faith    .   c - +0 kite shield
rNeg     . . .     Spirit   +   b - +0 scale mail
rPois    .         Reflect  .   o - +0 helmet
rElec    .         Harm     .   (no cloak)
rCorr    .         Rampage  .   (no gloves)
Will     .....                  (no barding)
Stlth    ..........             x - amulet of guardian spirit
HPRegen  0.13/turn              m - ring of protection from cold
MPRegen  0.09/turn              w - ring of flight

@: no status effects
A: large, rugged brown scales 3, see invisible, deformed body, roll 1, armoured
tail
a: Rolling Charge, Evoke Flight


You were on level 3 of the Dungeon.
You visited 1 branch of the dungeon, and saw 3 of its levels.

You collected 111 gold pieces.

Inventory:

Hand Weapons
 a - a +0 war axe (weapon)
 v - a +2 whip of flaming
Missiles
 g - 18 bolts
 j - 89 stones
 y - 5 datura-tipped darts (quivered)
Armour
 b - a +0 scale mail (worn)
 c - a +0 kite shield (worn)
 o - a +0 helmet (worn)
Jewellery
 m - a ring of protection from cold (left hand)
 r - an uncursed amulet of inaccuracy
 w - a ring of flight (right hand)
 x - an amulet of guardian spirit (around neck)
Scrolls
 e - 2 scrolls of random uselessness {unknown}
 f - a scroll of amnesia
 n - 2 scrolls of identify
 p - 2 scrolls of fog {unknown}
 q - a scroll of immolation {unknown}
 t - 2 scrolls of remove curse
Potions
 d - a potion of might
 h - a potion of ambrosia {unknown}
 i - 5 potions of curing
 k - a potion of attraction {unknown}
 l - a potion of lignification
 s - a potion of mutation {unknown}
 u - a potion of resistance {unknown}


   Skills:
 + Level 3.4 Fighting
 + Level 3.2 Axes
 + Level 3.0 Armour
 + Level 3.0 Shields


You had 3 spell levels left.
You didn't know any spells.
Your spell library was empty.

Dungeon Overview and Level Annotations

Branches:
Dungeon (3/15)

Altars:


Innate Abilities, Weirdness & Mutations

You are completely covered in rugged brown scales. (AC +3, +7% HP)
You have supernaturally acute eyesight. (SInv)
Armour fits poorly on your strangely shaped body.
You can roll at nearby foes to attack.
You have a long armoured tail.


Message History

The bat hits the iguana but does no damage.
The iguana misses the bat.
The iguana closely misses you.
The bat closely misses the iguana.
The iguana closely misses the bat.
The bat closely misses the iguana.
The iguana bites you but does no damage.
The iguana closely misses the bat.
The bat misses the iguana.
The iguana barely misses you. The iguana barely misses you.
The bat hits the iguana but does no damage.
The iguana bites the bat!
The bat dies!
You block the iguana's attack. You block the iguana's attack.
The iguana bites you. The iguana bites you!
* * * LOW HITPOINT WARNING * * *
You block the iguana's attack.
You see here a rat corpse.
The iguana bites you!
You die...

... #.#####
#.###.# #≈
#...#.# #
#≈#.###...#.#
#≈#.........#
≈#.###(.##.# ≈
#.†.###.#
.###≈###.....#
#
.......@l###.#
#.#)...........
#.###.####.###
# ... .#.#
..#.# .. ...
#.#


You could see a neutral iguana (fast, strong, insane).

Vanquished Creatures
  Jessica (D:2)
  A gnoll (D:1)
  An adder (D:2)
  An ooze (D:2)
  A worm (D:2)
  3 dart slugs (D:1)
  2 leopard geckos
  9 bats
  4 giant cockroaches
  2 goblins (D:1)
  5 hobgoblins
  6 jackals
  3 frilled lizards
  3 kobolds
  5 rats
47 creatures vanquished.

Vanquished Creatures (collateral kills)
  A bat (D:3)
1 creature vanquished.

Grand Total: 48 creatures vanquished

Notes
Turn   | Place    | Note
-------+----------+-------------------------------------------
     0 | D:1      | jlumianski the Palentonga Fighter began the quest for the
                  | Orb.
     0 | D:1      | Reached XP level 1. HP: 20/20 MP: 1/1
   213 | D:1      | Reached XP level 2. HP: 27/27 MP: 2/2
   643 | D:1      | Reached XP level 3. HP: 33/33 MP: 3/3
  1329 | D:2      | Noticed Jessica
  1336 | D:2      | Killed Jessica
  1337 | D:2      | Reached XP level 4. HP: 25/40 MP: 4/4
  2268 | D:3      | Slain by an iguana

Illustrated notes

Levels and vault maps discovered:
D:1:      dpeg_arrival_radiant, layout_loops_cross
D:2:      layout_loops_ring, minmay_misc_feat_enclosed, uniq_jessica
D:3:      layout_basic, grunt_decor_cap

Skill      XL: |  1  2  3  4 |
---------------+-------------+-----
Axes           | 3 |  3.2
Armour         | 3 |  3.0
Shields        | 3 |  3.0
Fighting       | |  3.4

Action                   |  1- 3 |  4- 6 || total
-------------------------+-------+-------++-------
Melee: War axe           |    75 |    54 ||   129
       Tailslap          |     9 |     5 ||    14
Throw: Stone             |     1 |       ||     1
       Dart              |       |     1 ||     1
 Abil: Rolling Charge    |    18 |     8 ||    26
  Use: Scroll            |     3 |     1 ||     4
       Potion            |     2 |       ||     2
Armor: Scale mail        |    36 |    32 ||    68
Dodge: Dodged            |    15 |    20 ||    35
Block: Kite shield       |    36 |    32 ||    68
